[Event "ICC tourney 2533 (25 5)"]
[Site "Internet Chess Club"]
[Date "2021.04.25"]
[Round "6"]
[White "LEE, JAYDEN:K09-15757981"]
[Black "BIAN, ERIN:K09-16926853"]
[Result "1-0"]
[ICCResult "Black checkmated"]
[WhiteElo "2106"]
[BlackElo "1765"]
[Opening "Four knights: Spanish, classical defense"]
[ECO "C48"]
[NIC "KP.03"]
[Time "13:11:06"]
[PlyCount "183"]
[TimeControl "1500+5"]

1. e4 e5 2. Nf3 Nc6 3. Nc3 Nf6 4. Bb5 Bc5 5. O-O O-O 6. Nxe5 Nxe5 7. d4 a6
8. Ba4 Bd6 9. dxe5 Bxe5 10. Re1 Bxc3 11. bxc3 d5 12. e5 Ne4 13. Qf3 f6 14.
Bb3 f5 15. Ba3 c5 16. Rad1 Be6 17. Bxd5 Bxd5 18. c4 Qa5 19. cxd5 Nc3 20.
Rd3 Nb5 21. Red1 c4 22. Re3 f4 23. Bxf8 fxe3 24. Be7 Nc3 25. Ra1 exf2+ 26.
Qxf2 Qxd5 27. Rf1 h6 28. Qe3 Nb5 29. a4 Qd4 30. Qxd4 Nxd4 31. Bc5 Ne6 32.
Bd6 Rd8 33. Rb1 Rd7 34. Rb4 b5 35. axb5 axb5 36. Rxb5 Nd4 37. Rd5 Ne6 38.
g3 Kf7 39. Kf2 Ra7 40. Ke3 Ra2 41. Rd2 Ra6 42. Rf2+ Ke8 43. h4 Ra1 44. Ke4
Rd1 45. Kf5 Kf7 46. Kg4+ Ke8 47. Kh5 Rg1 48. Rf3 Rg2 49. Rc3 Kf7 50. Kg4
Nd4 51. Rxc4 Nxc2 52. Bc5 Ke6 53. Kf4 g5+ 54. hxg5 hxg5+ 55. Ke4 Rxg3 56.
Rxc2 Rg4+ 57. Kf3 Rf4+ 58. Kg3 Kxe5 59. Ba7 Rb4 60. Re2+ Kf5 61. Be3 Rb3
62. Kg2 Ra3 63. Bc1 Rb3 64. Rc2 Kg4 65. Rc4+ Kh5 66. Rc5 Kg6 67. Rxg5+ Kf6
68. Rc5 Ke6 69. Kf2 Rh3 70. Be3 Rh2+ 71. Kg3 Ra2 72. Bf4 Ra3+ 73. Kg4 Ra1
74. Rc6+ Kf7 75. Kf5 Rf1 76. Rc7+ Kf8 77. Kg5 Ke8 78. Be5 Rg1+ 79. Kf6 Kd8
80. Ra7 Kc8 81. Ke6 Rd1 82. Rc7+ Kd8 83. Rc6 Re1 84. Rd6+ Kc8 85. Rb6 Rxe5+
86. Kxe5 Kc7 87. Rd6 Kb7 88. Kd5 Kc7 89. Kc5 Kb7 90. Rc6 Kb8 91. Kb6 Ka8
92. Rc8# { Black checkmated } 1-0

[Event "ICC tourney 2533 (25 5)"]
[Site "Internet Chess Club"]
[Date "2021.04.25"]
[Round "6"]
[White "Y OH, JAMES:K09-15146868"]
[Black "RUBINSTEIN MASH, ALEXANDER:K09-15052095"]
[Result "1-0"]
[ICCResult "Black checkmated"]
[WhiteElo "2034"]
[BlackElo "1674"]
[Opening "Caro-Kann: exchange variation"]
[ECO "B13"]
[NIC "CK.02"]
[Time "13:09:43"]
[PlyCount "157"]
[TimeControl "1500+5"]

1. e4 c6 2. d4 d5 3. exd5 cxd5 4. Bd3 Nc6 5. c3 Nf6 6. Ne2 Bg4 7. O-O e6 8.
Qe1 Bd6 9. f3 Bh5 10. Qh4 Bg6 11. Bxg6 fxg6 12. Nf4 Kf7 13. Re1 Re8 14. Qh3
Bxf4 15. Bxf4 e5 16. dxe5 Qb6+ 17. Kh1 Qxb2 18. e6+ Kg8 19. Nd2 Nh5 20. Be3
Qxc3 21. Nb3 Qf6 22. Bd2 b6 23. Rac1 Rac8 24. Bc3 d4 25. Bb2 Nf4 26. Qg3
Nd3 27. Qd6 Nxc1 28. Nxc1 Qe7 29. Qd5 Nb4 30. Qb3 Rc6 31. h3 a5 32. a3 Na6
33. Qb5 Nb8 34. Nd3 Rxe6 35. Rc1 Qd6 36. Qc4 Kf8 37. Bxd4 Nc6 38. Bxb6 Ne5
39. Qf4+ Kg8 40. Nxe5 Rxe5 41. Bg1 Qf6 42. Qc4+ Qe6 43. Qc3 Re1 44. Rxe1
Qxe1 45. Qc4+ Qe6 46. Qc3 Qe5 47. Qc4+ Qe6 48. Qc3 Qd5 49. Bd4 Re7 50. f4
Re2 51. Qc8+ Kf7 52. Qc7+ Re7 53. Qc3 Qe4 54. Be5 g5 55. Qb3+ Re6 56. Qg3
h6 57. Kg1 g6 58. Bc3 Qxf4 59. Qd3 Rd6 60. Qe2 Qc1+ 61. Be1 Re6 62. Qf3+
Qf4 63. Qb7+ Kf6 64. Bc3+ Re5 65. Qc6+ Kf5 66. g4+ Qxg4+ 67. hxg4+ Kxg4 68.
Bxe5 a4 69. Qxa4+ Kh5 70. Qd7 Kh4 71. Kg2 g4 72. Bg3+ Kh5 73. Qf7 Kg5 74.
a4 Kh5 75. a5 Kg5 76. a6 Kh5 77. a7 Kg5 78. a8=Q Kh5 79. Qa5# { Black
checkmated } 1-0

[Event "ICC tourney 2533 (25 5)"]
[Site "Internet Chess Club"]
[Date "2021.04.25"]
[Round "6"]
[White "SREEJAN BAYYARAPU, MOHIT:K09-15582120"]
[Black "ROMAN, DANIEL:K09-14934138"]
[Result "1-0"]
[ICCResult "Black checkmated"]
[WhiteElo "1742"]
[BlackElo "1372"]
[Opening "Giuoco Piano"]
[ECO "C54"]
[NIC "IG.02"]
[Time "13:09:37"]
[PlyCount "199"]
[TimeControl "1500+5"]

1. e4 e5 2. Nf3 Nc6 3. Bc4 Bc5 4. c3 Nf6 5. d3 h6 6. O-O O-O 7. Nbd2 Re8 8.
Re1 d6 9. Nf1 Bg4 10. Ng3 Ne7 11. h3 Be6 12. Bb3 Ng6 13. a4 c6 14. Bc2 a5
15. d4 Bb6 16. Be3 Qc7 17. Nf5 Bxf5 18. exf5 Nf4 19. Bxf4 exf4 20. Qd2 c5
21. Qxf4 cxd4 22. Nxd4 Nd5 23. Qd2 Bxd4 24. Qxd4 Nf6 25. Re3 Re7 26. Rg3
Nh5 27. Re3 Rae8 28. Rae1 Nf6 29. Bd3 Re5 30. Bb5 R8e7 31. Bc4 Rxe3 32.
fxe3 Qd8 33. Bb5 d5 34. c4 Qd6 35. Rf1 Re4 36. Qd3 Qe5 37. Rf3 d4 38. exd4
Rxd4 39. Re3 Qd6 40. Qf1 Qb4 41. Re1 Qxb2 42. Qf2 Qc3 43. Re3 Rd1+ 44. Kh2
Qb4 45. Re2 Qd6+ 46. g3 Qd4 47. Qxd4 Rxd4 48. Re7 Rd2+ 49. Kg1 b6 50. Rb7
Rd6 51. Rb8+ Kh7 52. g4 g6 53. fxg6+ Kxg6 54. Rc8 Rd3 55. c5 Rd1+ 56. Kg2
bxc5 57. Rxc5 Rd2+ 58. Kg1 Rd5 59. Rc6 Re5 60. Ra6 Re3 61. Kg2 Kg5 62. Rxa5
Kh4 63. Ra6 Ne4 64. Rxh6+ Kg5 65. Rh5+ Kg6 66. Rh8 Nc3 67. Rb8 Kg5 68. Rg8+
Kh4 69. Rh8+ Kg5 70. Rh5+ Kg6 71. Rc5 Ne4 72. Rc4 Ng5 73. h4 Ne6 74. Bd7
Kf6 75. Bxe6 Rxe6 76. Kg3 Kg6 77. Rc2 Re4 78. Ra2 f5 79. gxf5+ Kxf5 80. a5
Re7 81. a6 Ra7 82. Kf3 Ke6 83. Kf4 Kd6 84. Kg5 Kc6 85. h5 Kb6 86. Kg6 Rc7
87. a7 Rxa7 88. Rxa7 Kxa7 89. h6 Kb7 90. h7 Kc6 91. h8=Q Kd6 92. Kf6 Kd5
93. Qh4 Kc5 94. Ke5 Kc6 95. Qe7 Kb5 96. Kd5 Kb6 97. Qd7 Ka5 98. Kc5 Ka6 99.
Qc8+ Ka5 100. Qa8# { Black checkmated } 1-0

[Event "ICC tourney 2533 (25 5)"]
[Site "Internet Chess Club"]
[Date "2021.04.25"]
[Round "6"]
[White "CHIEN EN LIM, TIMOTHY:K09-16139198"]
[Black "AWAD, RANIA:K09-16554882"]
[Result "1-0"]
[ICCResult "Black checkmated"]
[WhiteElo "1846"]
[BlackElo "1442"]
[Opening "Caro-Kann: exchange variation"]
[ECO "B13"]
[NIC "CK.02"]
[Time "13:11:22"]
[PlyCount "165"]
[TimeControl "1500+5"]

1. e4 c6 2. d4 d5 3. exd5 cxd5 4. Nf3 Bg4 5. h3 Bh5 6. Bd3 Nc6 7. c3 e6 8.
O-O Nf6 9. Bf4 Be7 10. Nbd2 O-O 11. Re1 Qb6 12. Qb1 Rac8 13. Ne5 Nxe5 14.
dxe5 Nd7 15. Bxh7+ Kh8 16. Bd3 Qc7 17. Be2 Bg6 18. Bd3 Bxd3 19. Qxd3 Kg8
20. Qg3 Rfe8 21. Nf3 Bf8 22. Ng5 Be7 23. Qh4 Bxg5 24. Qxg5 Qd8 25. Qg4 g6
26. Bg5 Qb6 27. Qh4 Qxb2 28. Rab1 Qxc3 29. Re3 Qc7 30. Rb4 Qc1+ 31. Kh2 Rc4
32. Qh6 Qa1 33. Rxb7 Nxe5 34. Bf6 Ng4+ 35. hxg4 Qxf6 36. Rf3 Qe5+ 37. g3
Rc7 38. Rxc7 Qxc7 39. Qg5 Qe7 40. Qe5 Qf8 41. Kg2 Qg7 42. Qc7 Qf8 43. Qxa7
Ra8 44. Qb7 Rxa2 45. g5 Ra8 46. Qc7 Rc8 47. Qe5 Rd8 48. Rf4 Rd7 49. Rh4 Qg7
50. Qb8+ Qf8 51. Rh8+ Kxh8 52. Qxf8+ Kh7 53. Qe8 Rc7 54. Qa4 Rb7 55. Qh4+
Kg7 56. Qh6+ Kg8 57. g4 Rb4 58. Qh3 Rb8 59. Qe3 Rd8 60. f4 d4 61. Qd3 Kg7
62. Kf3 Kg8 63. Ke4 Kg7 64. Ke5 Rd5+ 65. Ke4 Rd8 66. f5 gxf5+ 67. gxf5
exf5+ 68. Kxf5 Rd5+ 69. Kg4 Rd8 70. Kh5 Rh8+ 71. Kg4 Rd8 72. Kf4 Rd7 73.
Ke5 Rd8 74. Qf3 Kg8 75. Qf6 Rd7 76. g6 d3 77. gxf7+ Rxf7 78. Qd8+ Rf8 79.
Qxd3 Re8+ 80. Kf5 Rf8+ 81. Kg6 Kh8 82. Qh3+ Kg8 83. Qh7# { Black checkmated
} 1-0

[Event "ICC tourney 2533 (25 5)"]
[Site "Internet Chess Club"]
[Date "2021.04.25"]
[Round "6"]
[White "SHARMA, JEENAL:K09-16875641"]
[Black "ALEXANDER MORGAN, CAMERON:K09-15934151"]
[Result "1-0"]
[ICCResult "Black checkmated"]
[WhiteElo "686"]
[BlackElo "1111"]
[Opening "Sicilian"]
[ECO "B50"]
[NIC "SI.01"]
[Time "13:12:18"]
[PlyCount "181"]
[TimeControl "1500+5"]

1. e4 c5 2. Nf3 d6 3. Bc4 Nf6 4. Nc3 e6 5. d3 Be7 6. Bf4 a6 7. O-O O-O 8.
Re1 d5 9. exd5 b5 10. Bb3 b4 11. Ne4 Nxd5 12. Bxd5 exd5 13. Ng3 Bd6 14.
Bxd6 Qxd6 15. Qd2 Nd7 16. a3 bxa3 17. Rxa3 Qb6 18. b3 Qb4 19. Qxb4 cxb4 20.
Ra5 Bb7 21. Ne5 Rfe8 22. d4 f6 23. Nd3 Rxe1+ 24. Nxe1 Re8 25. Kf1 Kf7 26.
Nf5 Re6 27. f4 Kg6 28. Nh4+ Kh5 29. g3 g5 30. Nf5 gxf4 31. Ng7+ Kg4 32.
Nxe6 f3 33. Kf2 f5 34. Nxf3 h5 35. Nh4 Bc8 36. Rxd5 Nf6 37. Rxf5 Ne4+ 38.
Ke3 Bxe6 39. Re5 Ng5 40. d5 Bc8 41. d6 Nf7 42. Rd5 Be6 43. Rd4+ Kg5 44. d7
Nd8 45. Rd6 Kf6 46. Rxa6 Ke7 47. Rb6 Bxd7 48. Rxb4 Be8 49. Nf5+ Kf6 50. Nd6
Bg6 51. c4 Nc6 52. Rb6 Ne7 53. c5 Nd5+ 54. Kf3 Ke5 55. Ra6 Bd3 56. Ra7 Bc2
57. c6 Kxd6 58. Rb7 Bd3 59. c7 Nxc7 60. Rb6+ Kc5 61. Rb8 Bf5 62. Rh8 Bg4+
63. Kg2 Kb4 64. h3 Bf5 65. Rxh5 Be4+ 66. Kf2 Kxb3 67. Rh4 Bf5 68. g4 Bg6
69. Rh6 Be4 70. Ke3 Bg2 71. h4 Nd5+ 72. Kd4 Nf4 73. g5 Bf3 74. g6 Nxg6 75.
Rxg6 Bh5 76. Rg5 Bf3 77. Rg3 Kb4 78. Rxf3 Kb5 79. h5 Kc6 80. h6 Kd6 81. h7
Kc6 82. h8=Q Kb5 83. Qe5+ Kb4 84. Rb3+ Kxb3 85. Qb5+ Kc2 86. Qd3+ Kb2 87.
Kc4 Ka2 88. Qb3+ Ka1 89. Qb4 Ka2 90. Kc3 Ka1 91. Qb2# { Black checkmated }
1-0

[Event "ICC tourney 2533 (25 5)"]
[Site "Internet Chess Club"]
[Date "2021.04.25"]
[Round "6"]
[White "LESTER, JALEEL:K09-17178433"]
[Black "SHAH, ARSH:K09-17096480"]
[Result "1/2-1/2"]
[ICCResult "Game drawn by repetition"]
[WhiteElo "519"]
[BlackElo "1687"]
[Opening "Giuoco Pianissimo: Canal variation"]
[ECO "C50"]
[NIC "IG.02"]
[Time "13:15:02"]
[PlyCount "223"]
[TimeControl "1500+5"]

1. e4 e5 2. Bc4 Nc6 3. Nf3 Bc5 4. d3 Nf6 5. Nc3 d6 6. Bg5 h6 7. Bh4 Bg4 8.
h3 Bh5 9. g4 Bg6 10. Nd5 h5 11. Nxf6+ gxf6 12. Bb5 a6 13. Bxc6+ bxc6 14.
Qd2 Qe7 15. O-O-O Qe6 16. Kb1 Rb8 17. Qa5 Kd7 18. Qxa6 hxg4 19. hxg4 Qxg4
20. Bxf6 Rxh1 21. Nxe5+ dxe5 22. Rxh1 Qf3 23. Rf1 Qxf6 24. Qa5 Bd6 25. a4
Bh5 26. Qd2 Qf3 27. a5 Qe2 28. Qxe2 Bxe2 29. Rg1 Ra8 30. Rg7 Bh5 31. Rg5
Bg6 32. c3 Rxa5 33. f4 Ra8 34. fxe5 Be7 35. Rg2 Rh8 36. Re2 Rh3 37. d4 Rh4
38. Kc1 Rxe4 39. Rg2 Rh4 40. b4 Rh3 41. Kb2 Bh4 42. c4 Bg3 43. Rg1 Be4 44.
Rf1 Bg6 45. Rf3 Rh2+ 46. Ka3 Bh4 47. d5 cxd5 48. cxd5 Rg2 49. e6+ fxe6 50.
dxe6+ Kxe6 51. Rf1 Rg3+ 52. Ka2 Bf6 53. Rf2 Rg4 54. Kb3 Be5 55. Ra2 Rg3+
56. Ka4 Be8+ 57. b5 Rg4+ 58. Ka5 Bc3+ 59. Ka6 Re4 60. Rc2 Be5 61. b6 cxb6
62. Rc8 Bd7 63. Rg8 Bd4 64. Rg6+ Kd5 65. Kb7 Bc6+ 66. Rxc6 Re7+ 67. Ka6 Re8
68. Kb5 Re1 69. Rc2 Rb1+ 70. Ka6 b5 71. Rc8 b4 72. Kb5 b3 73. Rd8+ Ke4 74.
Kc4 Bf6 75. Rd2 b2 76. Re2+ Kf3 77. Re6 Rc1+ 78. Kd5 b1=Q 79. Rxf6+ Kg4 80.
Kd6 Qb6+ 81. Ke5 Rc5+ 82. Kd4 Rf5+ 83. Rxb6 Rf4+ 84. Kd5 Rf5+ 85. Kc4 Kf4
86. Rb8 Rf6 87. Rh8 Rf5 88. Kd4 Rf7 89. Rh4+ Kg5 90. Rh8 Rf1 91. Rg8+ Kh6
92. Ke4 Re1+ 93. Kf4 Rf1+ 94. Ke4 Re1+ 95. Kf5 Rf1+ 96. Ke4 Re1+ 97. Kf4
Rf1+ 98. Ke5 Re1+ 99. Kf4 Rf1+ 100. Ke3 Rf7 101. Rg2 Re7+ 102. Kf4 Rf7+
103. Ke5 Rf1 104. Rh2+ Kg7 105. Rg2+ Kh7 106. Rh2+ Kg8 107. Rg2+ Kh7 108.
Rh2+ Kg6 109. Rg2+ Kh5 110. Rh2+ Kg6 111. Rg2+ Kh7 112. Rh2+ { Game drawn
by repetition } 1/2-1/2

[Event "ICC tourney 2533 (25 5)"]
[Site "Internet Chess Club"]
[Date "2021.04.25"]
[Round "7"]
[White "BRINTON, LEVI:K09-16967461"]
[Black "RAVINUTALA, NITYA:K09-15006650"]
[Result "0-1"]
[ICCResult "White checkmated"]
[WhiteElo "516"]
[BlackElo "912"]
[Opening "Sicilian defense"]
[ECO "B33"]
[NIC "SI.32"]
[Time "15:00:31"]
[PlyCount "42"]
[TimeControl "1500+5"]

1. e4 c5 2. Nf3 Nc6 3. d4 cxd4 4. Nxd4 Nf6 5. Nxc6 bxc6 6. Nc3 e6 7. Bg5
Bb4 8. e5 h6 9. Bxf6 gxf6 10. exf6 Qxf6 11. Qd2 d5 12. Bd3 d4 13. O-O dxc3
14. bxc3 Bxc3 15. Qe3 Bxa1 16. Rxa1 Qxa1+ 17. Qe1 Qxe1+ 18. Bf1 Qd2 19. Kh1
Qxc2 20. a4 Qc1 21. a5 Qxf1# { White checkmated } 0-1

[Event "ICC tourney 2533 (25 5)"]
[Site "Internet Chess Club"]
[Date "2021.04.25"]
[Round "7"]
[White "SUN, YIYI:K09-16380808"]
[Black "RISHI VALLISHAYEE, RIBHAV:K09-15499101"]
[Result "1-0"]
[ICCResult "Black resigns"]
[WhiteElo "1133"]
[BlackElo "544"]
[Opening "Sicilian: Taimanov variation"]
[ECO "B45"]
[NIC "SI.39"]
[Time "15:02:01"]
[PlyCount "27"]
[TimeControl "1500+5"]

1. e4 c5 2. Nf3 Nc6 3. d4 cxd4 4. Nxd4 e6 5. Nc3 Bc5 6. Be3 Qb6 7. Ncb5 a6
8. Nxc6 Bxe3 9. Nd6+ Kf8 10. fxe3 Qxc6 11. Be2 Nf6 12. Bf3 Qb6 13. Qd4 Ke7
14. Qxb6 { Black resigns } 1-0

[Event "ICC tourney 2533 (25 5)"]
[Site "Internet Chess Club"]
[Date "2021.04.25"]
[Round "7"]
[White "T FEDDERSEN, NICHOLAS:K09-17108237"]
[Black "RODRIGUEZ, KEYES:K09-16494792"]
[Result "1/2-1/2"]
[ICCResult "Game drawn by repetition"]
[WhiteElo "682"]
[BlackElo "1195"]
[Opening "Konstantinopolsky opening"]
[ECO "C44"]
[NIC "KP.10"]
[Time "15:00:21"]
[PlyCount "116"]
[TimeControl "1500+5"]

1. e4 e5 2. Nf3 Nc6 3. g3 Bc5 4. Bg2 Nf6 5. d3 d5 6. Nbd2 O-O 7. O-O dxe4
8. dxe4 Bg4 9. h3 Be6 10. Re1 Qd7 11. h4 Bh3 12. Nb3 Qxd1 13. Rxd1 Bxg2 14.
Kxg2 Bb6 15. Bg5 Nxe4 16. Bd2 Nxf2 17. Rf1 Ne4 18. Rae1 Nxd2 19. Nbxd2 f6
20. Nc4 Nd4 21. Nxb6 axb6 22. Nxd4 exd4 23. Re7 Rxa2 24. Rxc7 Rxb2 25. Rxb7
Rxc2+ 26. Kh3 Rd8 27. Re1 d3 28. Ree7 d2 29. Rxg7+ Kh8 30. Rxh7+ Kg8 31.
Rbg7+ Kf8 32. Rf7+ Ke8 33. Re7+ Kf8 34. Ref7+ Kg8 35. Rhg7+ Kh8 36. Rh7+
Kg8 37. Rfg7+ Kf8 38. Rf7+ Ke8 39. Re7+ Kf8 40. Ref7+ Kg8 41. Rfg7+ Kf8 42.
Rf7+ Ke8 43. Re7+ Kf8 44. Ref7+ Kg8 45. Rfg7+ Kf8 46. Rf7+ Ke8 47. Re7+ Kf8
48. Rhf7+ Kg8 49. Rg7+ Kf8 50. Ref7+ Ke8 51. Re7+ Kf8 52. Ref7+ Ke8 53.
Re7+ Kf8 54. Ref7+ Ke8 55. Re7+ Kf8 56. Ref7+ Ke8 57. Re7+ Kf8 58. Ref7+
Ke8 { Game drawn by repetition } 1/2-1/2

[Event "ICC tourney 2533 (25 5)"]
[Site "Internet Chess Club"]
[Date "2021.04.25"]
[Round "7"]
[White "EILEEN MILLER, ANNA:K09-16812002"]
[Black "ANTONY VETTICAL, DYLAN:K09-16099143"]
[Result "1-0"]
[ICCResult "Black resigns"]
[WhiteElo "586"]
[BlackElo "1029"]
[Opening "Scandinavian defense"]
[ECO "B01"]
[NIC "SD.03"]
[Time "15:00:13"]
[PlyCount "47"]
[TimeControl "1500+5"]

1. e4 d5 2. exd5 Nf6 3. Nc3 Nxd5 4. Nxd5 Qxd5 5. Nf3 Nc6 6. d4 Bg4 7. c4
Qe4+ 8. Be2 Bxf3 9. gxf3 Qxd4 10. Qxd4 Nxd4 11. Bd1 e6 12. a3 Bd6 13. Be3
Nf5 14. Bc2 Nh4 15. Be4 c6 16. Rg1 O-O-O 17. Rxg7 Rd7 18. O-O-O Bxh2 19.
Rxd7 Kxd7 20. Rxf7+ Kc8 21. Bxa7 Ng6 22. Bd4 Ne5 23. f4 Nxc4 24. Bxh8 {
Black resigns } 1-0

[Event "ICC tourney 2533 (25 5)"]
[Site "Internet Chess Club"]
[Date "2021.04.25"]
[Round "7"]
[White "GUPTA, SANAT:K09-16396482"]
[Black "KINI, SIDDHARTH:K09-15628986"]
[Result "0-1"]
[ICCResult "White resigns"]
[WhiteElo "1224"]
[BlackElo "683"]
[Opening "two knights defense: Wilkes Barre (Traxler) variation"]
[ECO "C57"]
[NIC "KP.01"]
[Time "15:02:44"]
[PlyCount "24"]
[TimeControl "1500+5"]

1. e4 e5 2. Nf3 Nc6 3. Bc4 Nf6 4. Ng5 Bc5 5. Nxf7 Bxf2+ 6. Kxf2 Nxe4+ 7.
Ke1 Qh4+ 8. g3 Nxg3 9. hxg3 Qxh1+ 10. Ke2 Qg2+ 11. Ke1 Qg1+ 12. Ke2 Nd4+ {
White resigns } 0-1

[Event "ICC tourney 2533 (25 5)"]
[Site "Internet Chess Club"]
[Date "2021.04.25"]
[Round "7"]
[White "MAHAJAN, EASHAN:K09-16803522"]
[Black "JEYANANDARAJAN, ROHAN:K09-15310288"]
[Result "1-0"]
[ICCResult "Black checkmated"]
[WhiteElo "885"]
[BlackElo "434"]
[Opening "Sicilian: Alapin's variation (2.c3)"]
[ECO "B22"]
[NIC "SI.46"]
[Time "15:01:55"]
[PlyCount "39"]
[TimeControl "1500+5"]

1. e4 c5 2. c3 d5 3. exd5 Qxd5 4. d4 cxd4 5. cxd4 Nc6 6. Nf3 Nf6 7. Nc3 Qa5
8. Bd2 Qb6 9. Bb5 Bd7 10. O-O Nxd4 11. Bxd7+ Nxd7 12. Be3 Nxf3+ 13. Qxf3
Qxb2 14. Bc1 Qxa1 15. Qxb7 Rd8 16. Nd5 e6 17. Nc7+ Ke7 18. Qb4+ Kf6 19.
Qh4+ g5 20. Qxg5# { Black checkmated } 1-0

[Event "ICC tourney 2533 (25 5)"]
[Site "Internet Chess Club"]
[Date "2021.04.25"]
[Round "7"]
[White "SUN, YICHEN:K09-30153816"]
[Black "SURESH, ISAAC:K09-15949243"]
[Result "1-0"]
[ICCResult "Black checkmated"]
[WhiteElo "1190"]
[BlackElo "488"]
[Opening "Pirc: Byrne variation"]
[ECO "B07"]
[NIC "PU.09"]
[Time "15:02:21"]
[PlyCount "39"]
[TimeControl "1500+5"]

1. e4 d6 2. d4 Nf6 3. Nc3 g6 4. Bg5 Bg7 5. Nf3 O-O 6. Qd2 a6 7. Bh6 Bg4 8.
Bxg7 Kxg7 9. Bc4 b5 10. Bd3 c5 11. h3 Bxf3 12. gxf3 cxd4 13. Ne2 e5 14.
O-O-O Nc6 15. h4 Rc8 16. Ng3 h5 17. Rhg1 Qb6 18. Nf5+ Kh7 19. Qh6+ Kg8 20.
Qg7# { Black checkmated } 1-0

[Event "ICC tourney 2533 (25 5)"]
[Site "Internet Chess Club"]
[Date "2021.04.25"]
[Round "7"]
[White "KLEIN, JACOB:K09-15995270"]
[Black "GRANT, AROYAH:K09-16524840"]
[Result "1-0"]
[ICCResult "Black checkmated"]
[WhiteElo "1046"]
[BlackElo "596"]
[Opening "Giuoco Pianissimo: Italian four knights variation"]
[ECO "C50"]
[NIC "IG.02"]
[Time "15:01:07"]
[PlyCount "53"]
[TimeControl "1500+5"]

1. e4 e5 2. Nf3 Nc6 3. Bc4 Bc5 4. d3 Nf6 5. Nc3 O-O 6. Bg5 h6 7. Bxf6 Qxf6
8. Nd5 Qe6 9. Nxc7 Qf6 10. Nxa8 d6 11. h3 Nd4 12. Nxd4 Bxd4 13. O-O Qg6 14.
Qf3 Bxb2 15. Rab1 Bd4 16. Nc7 h5 17. Nd5 Bg4 18. Ne7+ Kh7 19. Nxg6 Kxg6 20.
hxg4 hxg4 21. Qxg4+ Kh7 22. Qh5+ Kg8 23. Rxb7 g6 24. Bxf7+ Rxf7 25. Qxg6+
Kh8 26. Rb8+ Rf8 27. Rxf8# { Black checkmated } 1-0

[Event "ICC tourney 2533 (25 5)"]
[Site "Internet Chess Club"]
[Date "2021.04.25"]
[Round "7"]
[White "HENDERSON, SAMUEL:K09-16605523"]
[Black "BHARGAVA, ANISH:K09-17325854"]
[Result "1-0"]
[ICCResult "Black checkmated"]
[WhiteElo "541"]
[BlackElo "101"]
[Opening "Four knights: double Ruy Lopez"]
[ECO "C49"]
[NIC "KP.03"]
[Time "15:02:00"]
[PlyCount "61"]
[TimeControl "1500+5"]

1. e4 e5 2. Nf3 Nc6 3. Nc3 Nf6 4. Bb5 Bb4 5. a3 a6 6. axb4 axb5 7. Rxa8 Na7
8. Rxa7 b6 9. Ra1 Bb7 10. d3 Ng4 11. O-O Qf6 12. Nxb5 O-O 13. Bg5 Qg6 14.
Nxc7 Rc8 15. Nb5 Qh5 16. h3 g6 17. hxg4 Qxg4 18. Nxe5 Qe6 19. Bf4 Kg7 20.
Qg4 Qe7 21. Qxd7 Qe8 22. Qxb7 Qxb5 23. Qxc8 Qxb4 24. Nc4 b5 25. Bd6 Qd2 26.
Nxd2 g5 27. Qf8+ Kf6 28. e5+ Ke6 29. Qe7+ Kd5 30. Qxf7+ Kc6 31. Ra6# {
Black checkmated } 1-0

[Event "ICC tourney 2533 (25 5)"]
[Site "Internet Chess Club"]
[Date "2021.04.25"]
[Round "7"]
[White "VIJAY HIMAGHNA SISTA, SAI:K09-17280467"]
[Black "CASTLE, CHASE:K09-30017074"]
[Result "1-0"]
[ICCResult "Black resigns"]
[WhiteElo "435"]
[BlackElo "1111"]
[Opening "Giuoco Piano"]
[ECO "C54"]
[NIC "IG.02"]
[Time "15:03:50"]
[PlyCount "27"]
[TimeControl "1500+5"]

1. e4 e5 2. Nf3 Nc6 3. Bc4 Bc5 4. c3 Nf6 5. d4 exd4 6. cxd4 Bb6 7. Nc3 O-O
8. O-O d6 9. h3 h6 10. Bf4 Na5 11. Bd3 Nh5 12. Bh2 Nf6 13. d5 Bd7 14. b4 {
Black resigns } 1-0

[Event "ICC tourney 2533 (25 5)"]
[Site "Internet Chess Club"]
[Date "2021.04.25"]
[Round "7"]
[White "REISS, AIDEN:K09-16581243"]
[Black "MA, TRISTAN:K09-15699071"]
[Result "1-0"]
[ICCResult "Black resigns"]
[WhiteElo "1853"]
[BlackElo "1367"]
[Opening "Ruy Lopez: Anderssen variation"]
[ECO "C77"]
[NIC "RL.12"]
[Time "15:00:18"]
[PlyCount "56"]
[TimeControl "1500+5"]

1. e4 e5 2. Nf3 Nc6 3. Bb5 a6 4. Ba4 Nf6 5. d3 b5 6. Bb3 Be7 7. O-O d6 8.
c3 Na5 9. Bc2 c5 10. Re1 O-O 11. Nbd2 Nc6 12. Nf1 h6 13. Ng3 Be6 14. h3 Qb6
15. Nh4 d5 16. Qf3 d4 17. Ngf5 Bxf5 18. Nxf5 dxc3 19. bxc3 b4 20. Bxh6 gxh6
21. Qg3+ Ng4 22. Qxg4+ Bg5 23. Nxh6+ Kh7 24. Qxg5 Rg8 25. Qh5 Rg6 26. Nxf7+
Kg7 27. Nxe5 Nxe5 28. Qxe5+ Qf6 { Black resigns } 1-0

[Event "ICC tourney 2533 (25 5)"]
[Site "Internet Chess Club"]
[Date "2021.04.25"]
[Round "7"]
[White "GUERRERIO, CHRISTOPHER:K09-16206065"]
[Black "ASTHANA, AMAN:K09-15042721"]
[Result "1-0"]
[ICCResult "Black checkmated"]
[WhiteElo "530"]
[BlackElo "947"]
[Opening "King's Indian: 6.Be2"]
[ECO "E91"]
[NIC "KI.19"]
[Time "15:01:07"]
[PlyCount "85"]
[TimeControl "1500+5"]

1. d4 Nf6 2. c4 g6 3. Nc3 d6 4. Nf3 Bg7 5. e4 O-O 6. Be2 c5 7. d5 Nbd7 8.
b3 Nxe4 9. Nxe4 Bxa1 10. Bh6 Bg7 11. Bxg7 Kxg7 12. Nfg5 e5 13. Bh5 gxh5 14.
Qxh5 Nf6 15. Nxf6 Kxf6 16. Qh6+ Ke7 17. Nxh7 Re8 18. Qf6+ Kd7 19. Qxf7+ Re7
20. Nf8+ Kc7 21. Ne6+ Kb6 22. Nxd8 Rxf7 23. Nxf7 a5 24. Nxd6 Kc7 25. Nxc8
Kxc8 26. h4 Kd7 27. h5 Ke7 28. g4 Kf7 29. g5 Kg7 30. Ke2 b6 31. Ke3 a4 32.
Ke4 axb3 33. Kxe5 bxa2 34. Ra1 Kh7 35. Kf6 Kg8 36. h6 Kh7 37. f4 b5 38.
cxb5 c4 39. Ke5 c3 40. Kf6 c2 41. g6+ Kg8 42. h7+ Kf8 43. h8=Q# { Black
checkmated } 1-0

[Event "ICC tourney 2533 (25 5)"]
[Site "Internet Chess Club"]
[Date "2021.04.25"]
[Round "7"]
[White "REVES, YIANNI:K09-16805341"]
[Black "GOWDA, PRAKYATH:K09-16326375"]
[Result "1-0"]
[ICCResult "Black checkmated"]
[WhiteElo "1184"]
[BlackElo "383"]
[Opening "Giuoco Piano"]
[ECO "C50"]
[NIC "IG.02"]
[Time "15:00:25"]
[PlyCount "109"]
[TimeControl "1500+5"]

1. e4 e5 2. Nf3 Nc6 3. Bc4 Bc5 4. O-O Nf6 5. Nc3 O-O 6. d3 d6 7. Qe2 h6 8.
Be3 Bxe3 9. Qxe3 Bg4 10. h3 Bh5 11. Nd5 Nxd5 12. Bxd5 Nb4 13. Bb3 c6 14. c3
Na6 15. d4 exd4 16. Qd3 dxc3 17. Qxc3 Bxf3 18. Qxf3 d5 19. exd5 cxd5 20.
Bxd5 Nb4 21. Bxb7 Rb8 22. Be4 Qd2 23. Qf5 g6 24. Qe5 Rbe8 25. Qc3 Qxc3 26.
bxc3 Rxe4 27. cxb4 Rxb4 28. Rfb1 Rxb1+ 29. Rxb1 f5 30. Rb7 a5 31. Ra7 g5
32. Rxa5 g4 33. hxg4 h5 34. Rxf5 hxg4 35. Rxf8+ Kxf8 36. Kh2 Kf7 37. Kg3
Kg6 38. Kxg4 Kf6 39. a4 Ke6 40. a5 Kd7 41. a6 Kc7 42. f4 Kb6 43. a7 Ka6 44.
a8=Q+ Kb6 45. Qc8 Kb5 46. Qc7 Kb4 47. Qc6 Kb3 48. Qc5 Kb2 49. Qc4 Kb1 50.
Qe2 Kc1 51. Kf5 Kb1 52. Ke4 Kc1 53. Kd3 Kb1 54. Kc3 Ka1 55. Qb2# { Black
checkmated } 1-0

[Event "ICC tourney 2533 (25 5)"]
[Site "Internet Chess Club"]
[Date "2021.04.25"]
[Round "7"]
[White "BALAMURUGAN, ABHIJAY:K09-16913354"]
[Black "KUMARAVEL, JAIKIRAN:K09-15581132"]
[Result "0-1"]
[ICCResult "White checkmated"]
[WhiteElo "1026"]
[BlackElo "1488"]
[Opening "Ruy Lopez: exchange, Keres variation"]
[ECO "C68"]
[NIC "RL.08"]
[Time "15:00:38"]
[PlyCount "44"]
[TimeControl "1500+5"]

1. e4 e5 2. Nf3 Nc6 3. Bb5 a6 4. Bxc6 dxc6 5. Nc3 Bd6 6. d3 Nf6 7. O-O O-O
8. Bg5 h6 9. Bh4 Re8 10. Re1 c5 11. Nd5 g5 12. Bg3 Nxd5 13. exd5 Bg4 14. h3
Bh5 15. Bh2 Qf6 16. g4 Bg6 17. Qe2 e4 18. dxe4 Rxe4 19. Qd2 Qxf3 20. Bxd6
cxd6 21. Rxe4 Bxe4 22. Re1 Qg2# { White checkmated } 0-1